Map: Prion Terraces

Players

HuK

  • Race: Protoss Protoss
  • League: Grandmaster

LiquidMaNa (MaNa) - Winner!

  • Race: Protoss Protoss
  • League: Grandmaster

Event: Homestory Cup XII

VOD

Have the link to the VOD?

Description

Time

  • Played on: Dec. 17, 2015, 10:34 a.m.
  • Length: 11:49

All games in this series

Show
View Real Time Build Order
Export as new Build Order

HuK Protoss 

Build Orders: Nexus First, Blink Stalkers 

Get SALT Encoding   

  12  0:01  Probe (Chrono Boost)  
  13  0:11  Probe (Chrono Boost)  
  14  0:17  Pylon  
  14  0:22  Probe (Chrono Boost)  
  15  0:35  Probe (Chrono Boost)  
  16  0:45  Probe (Chrono Boost)  
  17  0:57  Nexus  
  17  1:06  Gateway  
  17  1:10  Probe (Chrono Boost)  
  18  1:14  Assimilator  
  18  1:21  Probe (Chrono Boost)  
  18  1:22  Assimilator  
  19  1:31  Probe (Chrono Boost)  
  20  1:35  Gateway  
  20  1:42  Probe (Chrono Boost)  
  21  1:52  Probe (Chrono Boost)  
  22  1:56  Cybernetics Core  
  22  2:03  Probe (Chrono Boost)  
  23  2:10  Probe (Chrono Boost)  
  23  2:13  Probe (Chrono Boost)  
  25  2:20  Probe (Chrono Boost)  
  26  2:24  Probe (Chrono Boost)  
  27  2:31  Probe (Chrono Boost)  
  27  2:32  Adept x2 (Chrono Boost)  
  27  2:35  Probe, Warp Gate  
  33  2:43  Probe (Chrono Boost)  
  34  2:44  Twilight Council  
  34  2:47  Probe (Chrono Boost)  
  35  2:55  Mothership Core (Chrono Boost)  
  38  2:58  Probe (Chrono Boost)  
  38  3:03  Pylon  
  38  3:20  Probe (Chrono Boost)  
  38  3:21  Probe (Chrono Boost)  
  38  3:22  Blink (Chrono Boost)  
  40  3:31  Probe (Chrono Boost)  
  40  3:32  Probe (Chrono Boost)  
  42  3:34  Pylon  
  42  3:35  Stalker  
  42  3:44  Probe (Chrono Boost)  
  42  3:45  Stalker  
  42  3:54  Probe x2 (Chrono Boost)  
  37  4:05  Probe x2 (Chrono Boost)  
  37  4:15  Probe (Chrono Boost)  
  37  4:16  Probe (Chrono Boost)  
  35  4:26  Probe x2 (Chrono Boost)  
  35  4:35  Gateway  
  35  4:36  Gateway, Probe (Chrono Boost)  
  35  4:37  Probe (Chrono Boost)  
  35  4:38  Robotics Facility  
  37  4:41  Stalker  
  39  4:47  Stalker, Probe x2 (Chrono Boost)  
  39  4:51  Pylon  
  43  4:57  Probe (Chrono Boost)  
  43  4:58  Probe (Chrono Boost)  
  45  5:04  Stalker, Assimilator  
  47  5:08  Probe x2 (Chrono Boost)  
  47  5:13  Stalker  
  50  5:19  Probe (Chrono Boost)  
  51  5:23  Warp Prism (Chrono Boost)  
  53  5:30  Probe  
  55  5:37  Stalker  
  55  5:39  Stalker  
  58  5:43  Probe x2  
  58  5:47  Stalker  
  62  5:51  Pylon  
  62  5:58  Assimilator  
  62  6:00  Pylon  
  60  6:15  Stalker x3  
  60  6:16  Stalker  
  60  6:17  Probe  
  60  6:18  Observer  
  70  6:23  Probe  
  71  6:29  Probe  
  72  6:44  Stalker  
  72  6:45  Stalker x2  
  72  6:46  Stalker  
  76  6:55  Immortal (Chrono Boost)  
  76  7:01  Pylon x2  
  65  7:08  Probe  
  65  7:15  Stalker x4  
  73  7:32  Immortal (Chrono Boost)  
  77  7:42  Pylon  
  77  7:44  Sentry x2  
  77  7:45  Zealot x2  
  85  7:53  Nexus  
  85  7:56  Probe x2  
  87  8:03  Pylon  
  87  8:10  Immortal (Chrono Boost)  
  91  8:16  Probe  
  91  8:17  Probe  
  91  8:28  Stalker x4  
  91  8:33  Stalker x2  
  91  8:34  Stalker x2  
  93  8:36  Probe x2  
  81  8:49  Immortal (Chrono Boost)  
  79  9:09  Stalker x4  
  73  9:11  Probe  
  74  9:19  Gateway  
  74  9:20  Gateway  
  74  9:21  Immortal (Chrono Boost)  
  74  9:23  Gateway  
  78  9:31  Assimilator  
  78  9:32  Assimilator  
  78  9:37  Probe  
  78  9:38  Probe, Dark Shrine  
  79  9:41  Probe  
  81  9:50  Probe, Gateway  
  81  9:51  Gateway  
  82  9:53  Warp Prism  
  81  10:03  Probe  
  82  10:17  Stalker x4  
  74  10:25  Probe, Pylon  
  67  10:37  Stalker x4  
  67  10:38  Stalker  
  69  10:51  Dark Templar x2, Pylon  
  65  11:00  Dark Templar  
  65  11:01  Dark Templar  
  65  11:03  Dark Templar  
  64  11:06  Probe x3  
  64  11:09  Stalker  
  64  11:10  Stalker  
  63  11:15  Stalker  
  63  11:18  Mothership Core, Probe x2  
  63  11:27  Stalker x3  
  63  11:29  Sentry  
  63  11:30  Sentry  
  59  11:36  Stalker x2  
Show
View Real Time Build Order
Export as new Build Order

LiquidMaNa Protoss - Winner!

Build Orders: 1 Gate Expand, Blink Stalkers 

Get SALT Encoding   

  12  0:00  Probe (Chrono Boost)  
  13  0:11  Probe (Chrono Boost)  
  14  0:18  Pylon  
  14  0:22  Probe (Chrono Boost)  
  15  0:36  Probe (Chrono Boost)  
  15  0:37  Gateway  
  16  0:46  Probe (Chrono Boost)  
  17  1:06  Nexus  
  17  1:11  Probe (Chrono Boost)  
  17  1:16  Assimilator  
  18  1:22  Probe (Chrono Boost)  
  19  1:27  Cybernetics Core  
  20  1:32  Probe (Chrono Boost)  
  20  1:35  Assimilator  
  20  1:43  Probe (Chrono Boost)  
  21  1:48  Pylon  
  21  1:54  Probe (Chrono Boost)  
  22  2:04  Warp Gate  
  22  2:06  Probe, Adept (Chrono Boost)  
  25  2:17  Probe  
  25  2:18  Probe  
  27  2:28  Probe  
  27  2:29  Adept (Chrono Boost)  
  28  2:31  Mothership Core (Chrono Boost)  
  32  2:41  Probe (Chrono Boost)  
  33  2:47  Pylon  
  33  2:50  Adept  
  33  2:51  Probe (Chrono Boost)  
  34  2:54  Probe (Chrono Boost)  
  37  3:01  Probe (Chrono Boost), Pylon  
  39  3:06  Probe (Chrono Boost)  
  39  3:12  Probe (Chrono Boost)  
  39  3:13  Adept  
  39  3:18  Probe (Chrono Boost)  
  39  3:19  Twilight Council  
  42  3:24  Probe (Chrono Boost)  
  43  3:30  Probe (Chrono Boost)  
  42  3:34  Probe (Chrono Boost)  
  42  3:40  Adept  
  44  3:42  Probe (Chrono Boost)  
  44  3:45  Probe (Chrono Boost)  
  45  3:54  Probe (Chrono Boost)  
  43  3:58  Blink (Chrono Boost)  
  43  4:00  Probe (Chrono Boost)  
  44  4:11  Probe x2 (Chrono Boost)  
  44  4:12  Robotics Facility  
  41  4:21  Probe (Chrono Boost)  
  41  4:23  Probe (Chrono Boost)  
  38  4:26  Stalker  
  40  4:32  Probe (Chrono Boost), Gateway  
  40  4:33  Gateway, Probe (Chrono Boost)  
  42  4:40  Assimilator  
  42  4:41  Probe (Chrono Boost)  
  42  4:45  Probe (Chrono Boost)  
  44  4:50  Assimilator  
  44  4:51  Stalker, Pylon  
  44  4:52  Probe  
  46  4:59  Observer (Chrono Boost)  
  48  5:04  Probe x2  
  50  5:18  Observer (Chrono Boost)  
  51  5:22  Probe  
  51  5:27  Gateway  
  48  5:29  Stalker x3  
  48  5:30  Probe  
  48  5:34  Probe  
  56  5:38  Forge  
  56  5:42  Probe  
  57  5:46  Probe  
  58  5:50  Gateway  
  58  5:51  Gateway  
  58  5:53  Gateway  
  58  5:57  Stalker  
  60  5:59  Stalker  
  60  6:03  Stalker  
  62  6:14  Protoss Ground Weapons Level 1 (Chrono Boost)  
  62  6:15  Probe x2  
  64  6:20  Stalker  
  64  6:23  Pylon  
  64  6:25  Stalker  
  68  6:27  Stalker  
  70  6:34  Pylon  
  68  6:40  Probe x2  
  68  6:43  Stalker  
  68  6:44  Stalker  
  70  6:52  Stalker x2  
  70  6:54  Adept  
  76  6:57  Stalker  
  76  7:01  Adept  
  70  7:07  Stalker  
  70  7:08  Stalker  
  74  7:11  Mothership Core  
  74  7:15  Sentry  
  78  7:19  Probe  
  78  7:22  Stalker  
  81  7:23  Stalker  
  83  7:31  Probe  
  83  7:33  Stalker  
  86  7:40  Observer  
  86  7:48  Nexus  
  86  7:56  Pylon  
  86  7:57  Protoss Ground Weapons Level 2 (Chrono Boost)  
  86  7:58  Pylon  
  85  8:09  Observer  
  86  8:14  Stalker x4  
  86  8:16  Stalker  
  86  8:17  Stalker  
  98  8:22  Stalker  
  100  8:33  Observer  
  95  8:43  Probe  
  84  8:52  Stalker x2  
  84  8:53  Stalker x5  
  86  9:10  Warp Prism  
  88  9:17  Stalker x3  
  88  9:19  Probe  
  93  9:26  Stalker  
  93  9:29  Stalker  
  97  9:32  Stalker  
  99  9:41  Immortal  
  99  9:45  Assimilator  
  99  9:48  Robotics Bay  
  103  10:04  Stalker x3  
  103  10:05  Zealot x3  
  113  10:08  Adept  
  96  10:23  Warp Prism  
  97  10:30  Stalker x5  
  97  10:33  Assimilator  
  103  10:51  Probe  
  104  10:59  Stalker x3  
  104  11:00  Stalker x3  
  112  11:16  Adept  
  112  11:17  Observer  
  109  11:27  Adept x3  
  109  11:28  Adept x3  
  109  11:31  Probe  
  117  11:37  Probe  
Tags
 
Add a new tag
Caveats
  • Supply blocks, unpowered buildings, or Contaminate may cause inaccurate times.
  • Supply counts are checked every 10 seconds.